 Dungeon Crawl Stone Soup version 0.19.5 (webtiles) character file.

540849 Inarius the Minotaur Porcupine (level 25, -5/238 HPs)
             Began as a Minotaur Fighter on May 15, 2017.
             Was the Champion of Trog.
             Splashed by a deep elf sorcerer's acid (16 damage)
             ... on level 3 of the Elven Halls on May 18, 2017.
             The game lasted 05:39:52 (64144 turns).

Inarius the Minotaur Porcupine (Minotaur Fighter)  Turns: 64144, Time: 05:39:54

Health: -5/238     AC: 26    Str: 40      XL:     25   Next: 25%
Magic:  22/22      EV: 20    Int:  2 (5)  God:    Trog [******]
Gold:   1793       SH: 37    Dex: 19      Spells: 0 memorised, 24 levels left

rFire  . . .     SeeInvis .     M - +9 demon trident (elec)
rCold  + . .     Gourm    .     e - +4 plate armour "Wumyot" {rElec rN+ Regen+ Str+2}
rNeg   + + +     Faith    .     w - +8 large shield
rPois  +         Spirit   .     (helmet restricted)
rElec  +         Reflect  .     k - +2 cloak of the Dwarven Hall {Str+7}
rCorr  .         Harm     .     L - +0 pair of gloves of Daffodils {rElec rC+ MR+}
MR     ++++.                    D - +2 pair of boots {Stlth+}
Stlth  ..........               x - amulet of regeneration
                                J - ring "Sanny" {rN+ Str+7}
                                a - ring "Agoc" {rPois rN+ AC+3}

@: corroded, regenerating
A: retaliatory headbutt, horns 2
a: Berserk, Trog's Hand, Brothers in Arms, Burn Spellbooks, Renounce Religion
}: 2/15 runes: decaying, serpentine


You were on level 3 of the Elven Halls.
You worshipped Trog.
Trog was exalted by your worship.
You were hungry.

You visited 10 branches of the dungeon, and saw 46 of its levels.
You visited the Abyss 1 time.
You visited 1 bazaar.
You also visited: Ice Cave.

You collected 5724 gold pieces.
You spent 3931 gold pieces at shops.

Inventory:

Hand Weapons
 M - a +9 demon trident of electrocution (weapon)
 V - a +8 demon trident of piercing
Armour
 e - the +4 plate armour "Wumyot" (worn) {rElec rN+ Regen+ Str+2}
   (You bought it in a shop on level 13 of the Dungeon)

   It affects your strength (+2).
   It insulates you from electricity.
   It protects you from negative energy.
   It increases your rate of regeneration.
 k - the +2 cloak of the Dwarven Hall (worn) {Str+7}
   (You acquired it on level 12 of the Dungeon)

   It affects your strength (+7).
 w - a +8 large shield (worn)
 D - a +2 pair of boots of stealth (worn)
 L - the +0 pair of gloves of Daffodils (worn) {rElec rC+ MR+}
   (You found it on level 2 of the Elven Halls)

   It protects you from cold.
   It insulates you from electricity.
   It affects your resistance to hostile enchantments.
Jewellery
 a - the ring "Agoc" (left hand) {rPois rN+ AC+3}
   (You found it on level 2 of the Crypt)

   [ring of protection]

   It affects your AC (+3).
   It protects you from poison.
   It protects you from negative energy.
 c - a +4 ring of strength
 l - an uncursed ring of fire
 t - a +4 ring of evasion
 x - an amulet of regeneration (around neck)
 I - a +5 ring of intelligence
 J - the ring "Sanny" (right hand) {rN+ Str+7}
   (You bought it in a shop on level 2 of the Elven Halls)

   [ring of positive energy]

   It affects your strength (+7).
   It protects you from negative energy.
 N - a +4 ring of protection
 U - an uncursed ring of fire
 Z - an uncursed ring of protection from cold
Wands
 H - a wand of heal wounds (7/9)
 S - a wand of hasting (9/9)
 Y - a wand of digging (9/24)
Scrolls
 b - a scroll of torment
 j - 11 scrolls of recharging
 m - 2 scrolls of holy word
 n - 5 scrolls of magic mapping
 o - 3 scrolls of fear
 p - 8 scrolls of fog
 q - 21 scrolls of remove curse
 A - 5 scrolls of immolation
 B - a scroll of enchant armour
 O - a scroll of noise
 Q - 7 scrolls of identify
 R - 18 scrolls of teleportation
 T - 8 scrolls of blinking
 X - a scroll of silence
Potions
 d - 4 potions of might
 h - 2 potions of berserk rage
 i - 18 potions of curing
 s - 5 potions of agility
 u - 4 potions of invisibility
 v - 4 potions of resistance
 y - 3 potions of cancellation
 z - 4 potions of flight
 P - 4 potions of heal wounds
 W - 2 potions of haste
Books
 C - a Necronomicon

   Spells                             Type                      Level
   a - Haunt                          Necromancy/Summoning         7
   b - Borgnjor's Revivification      Necromancy                   8
   c - Death's Door                   Charms/Necromancy            8
   d - Infestation                    Necromancy                   8
   e - Necromutation                  Transmutation/Necromancy     8
   Trog disapproves of the use of such an item.
Comestibles
 f - 17 bread rations
 g - 8 beef jerkies
 r - 6 chunks of flesh
 E - 30 fruits
 F - 20 meat rations
 G - 25 royal jellies


   Skills:
 + Level 22.1 Fighting
   Level 1.0(9.0) Short Blades
   Level 14.6 Long Blades
   Level 4.4(19.2) Axes
   Level 4.8(5.6) Maces & Flails
 O Level 27 Polearms
   Level 7.5 Crossbows
 + Level 18.3 Armour
 + Level 14.5 Dodging
 - Level 2.1 Stealth
 + Level 23.9 Shields
 + Level 0.9 Unarmed Combat


You had 24 spell levels left.
You didn't know any spells.

Dungeon Overview and Level Annotations

Branches:
Dungeon (15/15)            Temple (1/1) D:6            Lair (6/6) D:9
  Swamp (4/4) Lair:3        Snake (4/4) Lair:4          Orc (2/2) D:11
    Elf (3/3) Orc:2        Vaults (4/5) D:14          Crypt (3/3) Vaults:2
   Tomb (0/3) Crypt:3      Depths (4/5) D:15
  Slime: Lair:5-6

Altars:
Ashenzari
Cheibriados
Dithmenos
Elyvilon
Fedhas
Gozag
Hepliaklqana
Kikubaaqudgha
Makhleb
Nemelex Xobeh
Okawaru
Qazlal
Ru
Sif Muna
Trog
Vehumet
Xom
Yredelemnul
Zin
The Shining One
Beogh

Shops:
D:4 *   D:7 !   D:12 ?   D:13 [   D:15 =[*   Orc:2 }!}%   Elf:2 =   Elf:3 (
Snake:1 *   Snake:2 (   Depths:4 %

Portals:
Hell: Depths:1 Depths:2 Depths:3 Depths:4
Abyss: Depths:1
Pandemonium: Depths:3
Ziggurat: Depths:4

Annotations:
D:3 exclusion: oklob plant
Lair:6 exclusion: 2 oklob plants
Depths:2 1 runed door


Innate Abilities, Weirdness & Mutations

You reflexively headbutt those who attack you in melee.
You have a pair of horns on your head.


Message History

You feel much better.
The deep elf elementalist is no longer moving quickly.
The deep elf elementalist casts a spell.
The deep elf elementalist seems to speed up.
The deep elf sorcerer points at you and mumbles some strange words.
The bolt of acid misses you.
The deep elf elementalist points at the blizzard demon and mumbles some strange words.
Some walls begin to move on their own!
The deep elf sorcerer points at you and mumbles some strange words.
The sphere of damnation explodes!
The damnation engulfs you!
* * * LOW HITPOINT WARNING * * *
The damnation engulfs the earth elemental.
Items here: ( ))) [[ Some walls begin to move on their own!
The deep elf sorcerer points at you and mumbles some strange words.
The bolt of acid misses the earth elemental.
The bolt of acid hits you!
* * * LOW HITPOINT WARNING * * *
The acid corrodes you!
You are splashed with acid!
The acid burns!
You die...

***,,,*** ###e#**
***,,, ***** ...#.#
**** #..#e# #EE#)#
#.E#2# #..#e# #
#.(#)#.# ## ###
#.(E)..# .# #.##
#.@E.E## ## ##.#
#))...# # #.##
###.##### #
##.####..)##
#.........#### #
##.###........#
######### # #.##
#......#.# #.......#
## ##.#
##....##.#####.#####.#
.#####.##
###.###.........###.#


You could see a deep elf sorcerer and 6 earth elementals.

Vanquished Creatures
  Khufu (Crypt:2)
  An ancient lich (Depths:4)
  A greater mummy (Crypt:3)
  Sojobo (Depths:2)
  A caustic shrike (Depths:4)
  Nikola (Swamp:3)
  2 golden dragons
  2 bone dragons (Crypt:3)
  Jorgrun (Swamp:3)
  2 tentacled monstrosities
  Rupert (D:15)
  5 liches
  5 deep elf master archers (Elf:3)
  A titan (Depths:2)
  A quicksilver dragon (Vaults:3)
  3 deep elf blademasters (Elf:3)
  7 sphinxes
  12 ancient champions
  Agnes (Snake:3)
  Gastronok (Lair:2)
  A storm dragon (Vaults:3)
  Kirke (Swamp:1)
  Roxanne (Elf:1)
  6 tengu reavers
  4 thorn hunters
  Donald (Swamp:3)
  2 revenants (Crypt:3)
  11 fire giants
  5 nagarajas
  7 deep elf sorcerers
  12 vault wardens
  11 frost giants
  An iron dragon (Depths:4)
  7 ghouls
  3 curse skulls
  6 reapers
  2 deep elf elementalists (Elf:3)
  A spriggan defender (Depths:3)
  2 caustic shrike skeletons (Depths:3)
  9 ironheart preservers
  21 stone giants
  14 very ugly things
  9 vampire knights
  3 deep elf demonologists
  3 deep elf annihilators
  5 spark wasps
  4 ettins
  3 deep elf death magi
  9 eidola
  2 mummy priests (Crypt:3)
  16 jiangshi
  14 fire dragons
  Josephine (Lair:6)
  A merfolk impaler (Depths:2)
  8 yaktaur captains
  3 deep elf high priests
  Fannar (Lair:2)
  2 rakshasas
  25 hydras
  7 great orbs of eyes
  10 vault guards
  13 naga warriors
  3 death knights (Vaults:2)
  A ghost crab (Swamp:3)
  7 anacondas
  Erica (Orc:1)
  6 ice dragons
  A catoblepas (Lair:1)
  A ghost crab (shapeshifter) (Vaults:4)
  2 spriggan air magi
  11 alligators
  7 centaur warriors
  A tengu warrior (Depths:3)
  9 ogre magi
  A queen ant (shapeshifter) (Depths:4)
  31 dancing weapons
  5 orc high priests
  7 deep troll shamans
  A titan zombie (Crypt:3)
  6 death yaks (Lair:6)
  4 deep troll earth magi
  7 vampire magi
  2 hell hogs (Depths:4)
  13 shock serpents
  A spriggan berserker (Depths:2)
  Urug (Lair:2)
  A hell knight (Elf:1)
  A hellephant zombie (Crypt:2)
  6 thrashing horrors (Abyss:2)
  18 naga sharpshooters
  2 soul eaters
  7 spriggans
  5 salamander mystics (Snake:4)
  31 deep elf knights
  The ghost of snowfan the Infuser, a novice DEWz of Sif Muna (Lair:1)
  Sonja (Lair:2)
  A fire crab (shapeshifter) (Elf:1)
  A spark wasp zombie (Depths:3)
  A sixfirhy (Abyss:2)
  3 shadow wraiths
  5 sea snakes (Snake:3)
  2 wretched stars (Abyss:2)
  A spatial maelstrom (Abyss:2)
  24 deep trolls
  2 golden dragon zombies
  3 glowing orange brains
  An iron giant zombie (Crypt:1)
  2 iron trolls
  4 unseen horrors
  9 skeletal warriors
  6 swamp dragons
  7 wizards
  8 naga ritualists
  6 phantasmal warriors
  12 flayed ghosts
  2 orange crystal statues
  12 hill giants
  A harpy (shapeshifter) (Vaults:3)
  18 deep elf archers
  18 ironbrand convokers
  10 harpies
  14 orc knights
  3 lindwurms
  2 tengu zombies
  9 necromancers
  78 deep elf magi
  A wolf spider zombie (D:15)
  An orb spider (shapeshifter) (Depths:1)
  56 ugly things
  8 orc sorcerers
  13 cyclopes
  8 mana vipers
  7 large abominations
  A fire giant zombie (Depths:3)
  A mana viper (shapeshifter) (Vaults:3)
  3 wolf spiders
  A shining eye (shapeshifter) (Depths:2)
  3 salamanders (shapeshifter)
  16 salamanders
  9 manticores (Depths:1)
  A moth of wrath (shapeshifter) (Abyss:2)
  A shadow dragon skeleton (Crypt:3)
  A hell hog skeleton (Crypt:1)
  A cyclops (shapeshifter) (Depths:2)
  A worldbinder (Abyss:2)
  3 frost giant zombies
  2 sphinx skeletons
  4 fire giant skeletons
  A stone giant skeleton (D:15)
  29 black mambas
  A rust devil (Depths:3)
  Maurice (Orc:1)
  15 vault sentinels
  4 frost giant skeletons
  2 guardian serpents
  2 smoke demons (Abyss:2)
  A titan simulacrum (Depths:3)
  25 naga magi
  5 ice statues
  3 gargoyles
  A white draconian zombie (Crypt:2)
  4 kobold demonologists
  A spriggan skeleton (Depths:4)
  45 yaktaurs
  21 spiny frogs
  2 efreet
  A rime drake (Lair:6)
  10 freezing wraiths
  2 alligator snapping turtle skeletons
  11 guardian mummies (Crypt:3)
  A human zombie (Vaults:3)
  8 komodo dragons
  7 ice devils (IceCv)
  A hellwing (Abyss:2)
  A pale draconian skeleton (Crypt:3)
  An ancient zyme (Abyss:2)
  4 trolls
  A purple draconian skeleton (Crypt:2)
  A queen bee (D:10)
  A troll (shapeshifter) (Vaults:2)
  A red devil (Depths:1)
  4 tengu conjurers
  10 tyrant leeches
  2 polar bears
  A hornet (shapeshifter) (Elf:3)
  A merfolk (shapeshifter) (Elf:2)
  A jumping spider (shapeshifter) (Vaults:4)
  12 two-headed ogres
  18 blink frogs
  14 hornets
  5 dream sheep (Lair:6)
  8 bog bodies
  10 hippogriffs
  A wind drake (shapeshifter) (Vaults:4)
  9 raiju (Abyss:2)
  A fire dragon zombie (Crypt:2)
  19 slime creatures
  2 meliai zombies
  2 vampires
  4 flying skulls (Abyss:2)
  7 shadows
  2 fire giant simulacra
  An ice dragon skeleton (Crypt:2)
  An ice dragon zombie (D:15)
  A redback (shapeshifter) (Vaults:4)
  5 air elementals
  A spriggan (shapeshifter) (Depths:2)
  11 wraiths
  65 yaks
  An ettin skeleton (Crypt:3)
  4 fire bats (Swamp:4)
  5 water elementals
  An ushabti (Crypt:3)
  A human (shapeshifter) (Vaults:4)
  A tyrant leech zombie (Swamp:4)
  A golden eye (Abyss:2)
  6 hogs (Swamp:1)
  2 spriggan simulacra
  4 fire elementals
  3 basilisks
  3 hungry ghosts
  12 vampire mosquitoes
  A spatial vortex (Abyss:2)
  6 steam dragons
  50 nagas
  A hill giant skeleton (Crypt:3)
  7 insubstantial wisps
  5 mottled dragons
  3 wargs
  2 soldier ants (D:10)
  A soldier ant (shapeshifter) (Vaults:3)
  13 swamp worms
  13 hell hounds
  25 water moccasins
  12 porcupines
  14 swamp drakes
  2 black bears
  3 hornet zombies
  50 orc warriors
  An eye of draining (D:13)
  4 sky beasts
  An elf zombie (Vaults:3)
  3 necrophages
  13 boggarts
  A lindwurm zombie (Crypt:3)
  3 phantoms
  5 wolves (Lair:1)
  39 ogres
  26 centaurs
  2 human skeletons (Vaults:3)
  17 crocodiles
  A blink frog skeleton (Crypt:1)
  6 big kobolds
  19 bullfrogs
  A wyvern zombie (D:7)
  4 earth elementals
  2 wyvern skeletons
  2 water moccasin zombies
  4 scorpions
  A polar bear zombie (Crypt:3)
  A spriggan zombie (Crypt:1)
  A shapeshifter zombie (Crypt:3)
  4 small abominations (Abyss:2)
  62 killer bees
  A polar bear skeleton (Crypt:3)
  7 wights
  4 howler monkeys
  7 crimson imps
  3 quasits
  2 draconian simulacra (IceCv)
  7 hounds
  7 jellies
  8 centaur skeletons
  18 orc priests
  Ijyb (D:4)
  8 iguanas
  35 orc wizards
  15 worker ants
  3 troll simulacra (IceCv)
  2 killer bee zombies
  A naga skeleton (Crypt:3)
  A hound zombie (Crypt:3)
  A hound skeleton (D:4)
  9 mummies (Crypt:3)
  3 worker ant zombies
  8 gnolls
  4 ogre simulacra (IceCv)
  A swamp drake zombie (Swamp:4)
  20 adders
  A naga simulacrum (IceCv)
  5 shadow imps
  2 oozes
  2 adder zombies (D:6)
  An adder skeleton (D:4)
  A worm (D:2)
  5 dart slugs
  3 leopard geckos
  132 orcs
  6 ball pythons
  4 giant cockroaches
  9 hobgoblins
  12 jackals
  31 kobolds
  3 quokkas
  A ball python skeleton (Crypt:1)
  8 bats
  4 frilled lizards
  12 goblins
  A leopard gecko zombie (D:5)
  A quokka zombie (D:7)
  11 rats
  A lurking horror (Abyss:2)
  A plant (Lair:6)
2266 creatures vanquished.

Vanquished Creatures (collateral kills)
  A torpor snail (shapeshifter) (Depths:3)
1 creature vanquished.

Vanquished Creatures (others)
  A hydra (Swamp:4)
  A swamp dragon (Swamp:4)
  A lindwurm (Swamp:4)
  A salamander (Snake:2)
  A wyvern (Depths:1)
  2 steam dragons (Swamp:4)
  5 swamp drakes (Swamp:4)
  An ogre (Vaults:4)
  A centaur (Depths:3)
  A boggart (Vaults:1)
  An orc wizard (D:4)
  A crawling corpse (Elf:3)
  6 fungi
  8 plants
  15 toadstools (D:3)
46 creatures vanquished.

Grand Total: 2313 creatures vanquished

Notes
Turn   | Place    | Note
-------+----------+-------------------------------------------
     0 | D:1      | Inarius the Minotaur Fighter began the quest for the Orb.
     0 | D:1      | Reached XP level 1. HP: 19/19 MP: 0/0
    94 | D:1      | Reached XP level 2. HP: 22/27 MP: 1/1
   441 | D:1      | Reached XP level 3. HP: 33/33 MP: 2/2
   615 | D:2      | Found a shimmering altar of Xom.
   799 | D:2      | Reached skill level 1 in Dodging
   881 | D:2      | Reached XP level 4. HP: 40/40 MP: 3/3
  1546 | D:2      | Found a snail-covered altar of Cheibriados.
  1821 | D:3      | Found a glowing silver altar of Zin.
  1902 | D:3      | Reached XP level 5. HP: 46/46 MP: 4/4
  1989 | D:3      | Found a blossoming altar of Fedhas.
  2002 | D:3      | Noticed an oklob plant
  2200 | D:3      | Reached skill level 5 in Shields
  2514 | D:3      | HP: 1/46 [gnoll/flail (8)]
  2875 | D:4      | Reached skill level 5 in Armour
  3058 | D:4      | Reached XP level 6. HP: 38/53 MP: 5/5
  3306 | D:4      | Noticed Ijyb
  3315 | D:4      | Killed Ijyb
  3423 | D:4      | Reached XP level 7. HP: 46/60 MP: 6/6
  3507 | D:4      | Found a faded altar of an unknown god.
  3507 | D:4      | Found an ancient bone altar of Kikubaaqudgha.
  3512 | D:4      | Found a faded altar of an unknown god.
  3514 | D:4      | Found a faded altar of an unknown god.
  3517 | D:4      | Found a faded altar of an unknown god.
  3536 | D:4      | Found a shadowy altar of Dithmenos.
  3603 | D:4      | Found Guca Rarr's Assorted Antiques.
  3606 | D:4      | Bought a sapphire falchion for 232 gold pieces
  3606 | D:4      | Identified the +7 falchion "Earthworm" {flame, Str+3} (You bought it in a shop on level 4 of the Dungeon)
  3644 | D:4      | Reached skill level 5 in Fighting
  4327 | D:5      | Entered Level 5 of the Dungeon
  4582 | D:5      | Found a shattered altar of Ashenzari.
  4689 | D:5      | Gained mutation: You expend magic power (3 MP) to strengthen your wands. [mutagenic meat]
  4691 | D:5      | Gained mutation: You are partially covered in molten scales. (AC +2) [mutagenic meat]
  4692 | D:5      | Gained mutation: You are frail. (-10% HP) [mutagenic meat]
  4728 | D:5      | Reached XP level 8. HP: 52/62 MP: 7/7
  5189 | D:6      | Reached skill level 1 in Stealth
  5348 | D:6      | Found a staircase to the Ecumenical Temple.
  5776 | D:6      | Found a sparkling altar of Nemelex Xobeh.
  5857 | Temple   | Entered the Ecumenical Temple
  5998 | Temple   | Became a worshipper of Trog the Wrathful
  6298 | D:7      | Reached skill level 5 in Dodging
  6605 | D:7      | Reached skill level 1 in Long Blades
  6714 | D:7      | Found a glowing golden altar of the Shining One.
  6942 | D:7      | Found Kiemu's Distillery.
  6945 | D:7      | Reached XP level 9. HP: 70/70 MP: 8/8
  7144 | D:7      | Reached * piety under Trog
  7283 | D:7      | Reached skill level 5 in Long Blades
  7785 | D:8      | Reached ** piety under Trog
  7929 | D:8      | Found a shimmering altar of Xom.
  8258 | D:8      | Reached XP level 10. HP: 73/77 MP: 9/9
  8260 | D:8      | Reached *** piety under Trog
  8374 | D:8      | Reached skill level 10 in Shields
  8899 | D:9      | Found a staircase to the Lair.
  9639 | D:9      | Killed an unseen horror
  9887 | D:10     | Entered Level 10 of the Dungeon
  9982 | D:10     | Reached **** piety under Trog
 10239 | D:10     | Reached XP level 11. HP: 60/85 MP: 10/10
 10557 | D:10     | Reached skill level 10 in Long Blades
 10560 | D:10     | Reached skill level 10 in Armour
 10715 | D:10     | Reached ***** piety under Trog
 11352 | D:7      | Bought a potion of cure mutation for 350 gold pieces
 11352 | D:7      | Lost mutation: You are frail. (-10% HP) [potion of cure mutation]
 11352 | D:7      | Lost mutation: You expend magic power (3 MP) to strengthen your wands. [potion of cure mutation]
 11352 | D:7      | Lost mutation: You are partially covered in molten scales. (AC +2) [potion of cure mutation]
 11991 | D:11     | Noticed a purple ugly thing
 12006 | D:11     | Killed a purple ugly thing
 12011 | D:11     | Noticed a red ugly thing
 12021 | D:11     | Killed a red ugly thing
 12326 | D:11     | Found a staircase to the Orcish Mines.
 12751 | D:11     | Noticed a white ugly thing
 12764 | D:11     | Killed a white ugly thing
 13300 | D:12     | Reached XP level 12. HP: 105/105 MP: 11/11
 13544 | D:12     | Received a gift from Trog
 14204 | D:12     | Reached skill level 10 in Fighting
 14229 | D:12     | Received a gift from Trog
 14865 | D:12     | Gained mutation: You have a pair of large horns on your head. [mutagenic meat]
 14950 | D:12     | Found Tiplomash's Magic Scroll Shop.
 15117 | D:12     | Received a gift from Trog
 15311 | Lair:1   | Entered Level 1 of the Lair of Beasts
 15321 | Lair:1   | Identified 2 scrolls of acquirement
 15340 | Lair:1   | Noticed snowfan's ghost (novice DEWz)
 15395 | Lair:1   | Killed snowfan's ghost
 15444 | Lair:1   | Found a frozen archway.
 15458 | IceCv    | Entered an ice cave
 15888 | IceCv    | Reached XP level 13. HP: 91/115 MP: 12/12
 16148 | IceCv    | Got a pair of transparent boots
 16159 | IceCv    | Identified the +0 pair of boots of the Skies Above {Int+6} (You found it in an ice cave)
 16171 | IceCv    | Got a fine falchion
 16173 | IceCv    | Identified the cursed +1 falchion of Uleregg {venom, +Blink rC+ Str+4} (You found it in an ice cave)
 16570 | Lair:1   | Reached ****** piety under Trog
 17549 | Lair:2   | Noticed Urug
 17566 | Lair:2   | Killed Urug
 17598 | Lair:2   | Noticed Sonja
 17600 | Lair:2   | Noticed Fannar
 17613 | Lair:2   | Killed Sonja
 17615 | Lair:2   | Killed Fannar
 17615 | Lair:2   | Reached skill level 1 in Maces & Flails
 17838 | Lair:2   | Noticed Gastronok
 17849 | Lair:2   | Killed Gastronok
 18401 | Lair:3   | Found a staircase to the Swamp.
 18436 | Lair:3   | Received a gift from Trog
 19295 | Lair:4   | Got a polished halberd
 19329 | Lair:3   | Identified the +11 halberd "Fojus" {speed, rF+ rC+ Str+4} (You found it on level 4 of the Lair of Beasts)
 19359 | Lair:4   | Found a staircase to the Snake Pit.
 19367 | Lair:4   | Reached skill level 15 in Shields
 19443 | Lair:4   | Reached skill level 1 in Polearms
 19497 | Lair:4   | Reached XP level 14. HP: 126/126 MP: 13/13
 19552 | Lair:4   | Reached skill level 2 in Polearms
 19621 | Lair:4   | Got a brightly glowing scythe
 19622 | Lair:4   | Identified the +8 scythe of Ragnarok {drain, Int+6} (You found it on level 4 of the Lair of Beasts)
 20259 | Lair:5   | Reached skill level 3 in Polearms
 20578 | Lair:5   | Got a pair of shimmering gloves
 20589 | Lair:5   | Identified the +2 pair of gloves "Xaarisad" {MR+ Int+6} (You found it on level 5 of the Lair of Beasts)
 20673 | Lair:5   | Found a shattered altar of Ashenzari.
 20833 | Lair:5   | Reached skill level 4 in Polearms
 21224 | Lair:6   | Entered Level 6 of the Lair of Beasts
 21251 | Lair:6   | Reached skill level 5 in Polearms
 21488 | Lair:6   | Reached skill level 6 in Polearms
 21829 | Lair:6   | Reached skill level 7 in Polearms
 21901 | Lair:6   | Noticed Josephine
 21930 | Lair:6   | Killed Josephine
 21941 | Lair:6   | Reached skill level 8 in Polearms
 22105 | Lair:6   | Reached skill level 9 in Polearms
 22527 | Lair:6   | Reached skill level 10 in Polearms
 22983 | Orc:1    | Entered Level 1 of the Orcish Mines
 23133 | Orc:2    | Entered Level 2 of the Orcish Mines
 23133 | Orc:2    | Found a staircase to the Elven Halls.
 23377 | Orc:2    | Found a roughly hewn altar of Beogh.
 23698 | Orc:2    | Reached skill level 11 in Polearms
 23905 | Orc:1    | Noticed Maurice
 23914 | Orc:1    | Killed Maurice
 24013 | Orc:1    | Noticed Erica
 24017 | Orc:1    | Killed Erica
 24108 | Orc:2    | Received a gift from Trog
 24176 | Orc:2    | Reached XP level 15. HP: 97/134 MP: 14/14
 24192 | Orc:2    | Found Litas's Distillery.
 24192 | Orc:2    | Found Xaisas's Gadget Shop.
 24212 | Orc:2    | Found Daniligh's Food Shoppe.
 24212 | Orc:2    | Found Reatzuavi's Gadget Shop.
 24228 | Orc:2    | Bought a potion of experience for 750 gold pieces
 24229 | Orc:2    | Reached skill level 12 in Polearms
 24229 | Orc:2    | Reached XP level 16. HP: 143/144 MP: 15/15
 24810 | D:13     | Found a sacrificial altar of Ru.
 24832 | D:13     | Got a twisted spear
 24838 | D:13     | Identified the cursed +1 spear of Tender Mercy {pierce, -Tele rElec rC+ Str+4} (You found it on level 13 of the Dungeon)
 25102 | D:12     | Bought a scroll of acquirement for 676 gold pieces
 25106 | D:12     | Got an encrusted cloak
 25117 | D:12     | Identified the +2 cloak of the Dwarven Hall {Str+7} (You acquired it on level 12 of the Dungeon)
 25174 | D:13     | Reached skill level 13 in Polearms
 25460 | D:13     | Received a gift from Trog
 26085 | D:13     | Found a deep blue altar of Sif Muna.
 26085 | D:13     | Found Exiupnel's Antique Armour Shop.
 26783 | D:14     | Found a white marble altar of Elyvilon.
 26785 | D:14     | Reached skill level 14 in Polearms
 27041 | D:14     | Found a gate to the Vaults.
 27607 | Swamp:1  | Entered Level 1 of the Swamp
 27744 | Swamp:1  | Reached skill level 15 in Polearms
 27795 | Swamp:1  | Noticed a thorn hunter
 27805 | Swamp:1  | Killed a thorn hunter
 28028 | Swamp:1  | Noticed Kirke
 28174 | Swamp:1  | Killed Kirke
 29600 | Swamp:3  | Noticed a thorn hunter
 29600 | Swamp:3  | Reached skill level 16 in Polearms
 29606 | Swamp:3  | Killed a thorn hunter
 29610 | Swamp:3  | Noticed a thorn hunter
 29775 | Swamp:3  | Killed a thorn hunter
 29826 | Swamp:3  | Got a smoking great sword
 29827 | Swamp:3  | Identified the +2 great sword of the End of Times {venom, rF+ rN+ Dex-3} (You found it on level 3 of the Swamp)
 29878 | Swamp:3  | Noticed Donald
 29893 | Swamp:3  | Killed Donald
 30141 | Swamp:3  | Reached XP level 17. HP: 105/152 MP: 16/16
 30155 | Swamp:3  | Noticed Jorgrun
 30173 | Swamp:3  | Killed Jorgrun
 30182 | Swamp:3  | Noticed Nikola
 30548 | Swamp:3  | Killed Nikola
 30548 | Swamp:3  | Reached skill level 1 in Crossbows
 31048 | Snake:1  | Entered Level 1 of the Snake Pit
 31203 | Snake:1  | Found a bloodstained altar of Trog.
 31451 | D:12     | Bought a scroll of identify for 26 gold pieces
 31723 | Snake:1  | Reached skill level 17 in Polearms
 31759 | Snake:1  | Reached skill level 15 in Armour
 31794 | Snake:1  | Received a gift from Trog
 32795 | Snake:1  | Found Hujupp's General Store.
 33544 | Snake:2  | Found Vydiupt's Weapon Boutique.
 33856 | Snake:2  | Received a gift from Trog
 34475 | Snake:3  | Reached skill level 15 in Fighting
 34707 | Snake:3  | Noticed Agnes
 34739 | Snake:3  | Killed Agnes
 35011 | Snake:3  | Reached skill level 18 in Polearms
 36032 | Snake:3  | Received a gift from Trog
 36343 | Elf:1    | Entered Level 1 of the Elven Halls
 36408 | Elf:1    | Reached XP level 18. HP: 97/163 MP: 17/17
 37306 | Elf:1    | Noticed Roxanne
 37350 | Elf:1    | Killed Roxanne
 37350 | Elf:1    | Reached skill level 10 in Dodging
 37625 | Elf:1    | Identified Roxanne's Disquisition on Earth (You took it off Roxanne on level 1 of the Elven Halls)
 38000 | Elf:1    | Gained mutation: Your body sometimes deteriorates upon taking damage. [potion of mutation]
 38000 | Elf:1    | Gained mutation: You have sharp fingernails. [potion of mutation]
 38000 | Elf:1    | Gained mutation: Your spells are a little easier to cast, but a little less powerful. [potion of mutation]
 38001 | Elf:1    | Lost mutation: Your body sometimes deteriorates upon taking damage. [potion of cure mutation]
 38001 | Elf:1    | Lost mutation: You have a pair of large horns on your head. [potion of cure mutation]
 38001 | Elf:1    | Lost mutation: Your spells are a little easier to cast, but a little less powerful. [potion of cure mutation]
 38001 | Elf:1    | Lost mutation: You have sharp fingernails. [potion of cure mutation]
 38293 | Elf:1    | Reached skill level 5 in Crossbows
 38576 | Elf:1    | Received a gift from Trog
 38985 | Elf:2    | Got a pair of spiked gloves
 38997 | Elf:2    | Identified the +0 pair of gloves of Daffodils {rElec rC+ MR+} (You found it on level 2 of the Elven Halls)
 39272 | Elf:2    | Got a slimy ring mail
 39283 | Elf:2    | Identified the +5 ring mail "Raupawka" {Int+4} (You found it on level 2 of the Elven Halls)
 39305 | Elf:2    | Found Vaoh's Jewellery Emporium.
 39334 | Elf:2    | Bought the ring "Sanny" {rN+ Str+7} for 667 gold pieces
 39450 | Elf:2    | Found a runed gate.
 39450 | Elf:2    | Found a runed gate.
 39450 | Elf:2    | Found a runed gate.
 39579 | Elf:2    | Cast into level 2 of the Abyss (a deep elf demonologist)
 39689 | Abyss:2  | Reached skill level 19 in Polearms
 39738 | Abyss:2  | Received a gift from Trog
 39745 | Abyss:2  | Found an opulent altar of Gozag.
 39902 | Abyss:2  | Gained mutation: Your muscles are strong. (Str +2) [mutagenic meat]
 39918 | Abyss:2  | Gained mutation: Your muscles are very strong. (Str +4) [mutagenic meat]
 40161 | Elf:2    | Escaped the Abyss
 40397 | Elf:2    | Received a gift from Trog
 40449 | Elf:2    | Lost intelligence.
 40771 | Elf:2    | Reached XP level 19. HP: 106/174 MP: 18/18
 41177 | Elf:2    | Reached skill level 20 in Polearms
 42119 | D:10     | Received a gift from Trog
 42287 | Swamp:4  | Entered Level 4 of the Swamp
 43208 | Swamp:4  | Got a decaying rune of Zot
 43762 | Vaults:1 | Entered Level 1 of the Vaults
 43821 | Vaults:1 | Received a gift from Trog
 44006 | Vaults:1 | Received a gift from Trog
 45166 | Vaults:2 | Found a staircase to the Crypt.
 45166 | Vaults:2 | Found an ancient bone altar of Kikubaaqudgha.
 45166 | Vaults:2 | Found a basalt altar of Yredelemnul.
 45250 | Vaults:2 | Got a bloodstained scimitar
 45251 | Vaults:2 | Identified the +8 scimitar of Mutilation {slice, rN+} (You found it on level 2 of the Vaults)
 45427 | Vaults:2 | Reached skill level 21 in Polearms
 45431 | Vaults:2 | Received a gift from Trog
 45549 | Vaults:2 | Got a slimy demon trident {god gift}
 45555 | Vaults:2 | Identified the +5 demon trident of Power {venom, rN+ Str+3} (Trog gifted it to you on level 2 of the Vaults)
 45579 | Vaults:2 | Reached XP level 20. HP: 184/184 MP: 19/19
 46468 | Vaults:2 | Received a gift from Trog
 46936 | Vaults:3 | Received a gift from Trog
 46994 | Vaults:3 | Reached skill level 22 in Polearms
 47066 | Vaults:3 | Paralysed by a great orb of eyes for 4 turns
 47230 | Vaults:3 | Received a gift from Trog
 48016 | Vaults:3 | Reached XP level 21. HP: 149/194 MP: 20/20
 48128 | Vaults:3 | Lost intelligence.
 48459 | Vaults:4 | Received a gift from Trog
 48462 | Vaults:4 | Got a twisted hand crossbow {god gift}
 48464 | Vaults:4 | Identified the +1 hand crossbow of the Final Decision {venom, rF+ rN+} (Trog gifted it to you on level 4 of the Vaults)
 48694 | Vaults:4 | Noticed a golden dragon
 48705 | Vaults:4 | Killed a golden dragon
 48976 | Vaults:4 | Paralysed by a great orb of eyes for 6 turns
 49551 | Vaults:4 | Gained mutation: You are surrounded by a mild repulsion field. (EV +2) [potion of beneficial mutation]
 49840 | D:13     | Bought a dazzling plate armour for 1036 gold pieces
 49851 | D:13     | Identified the +4 plate armour "Wumyot" {rElec rN+ Regen+ Str+2} (You bought it in a shop on level 13 of the Dungeon)
 50150 | Snake:4  | Entered Level 4 of the Snake Pit
 50331 | Snake:4  | Received a gift from Trog
 50366 | Snake:4  | Reached skill level 23 in Polearms
 50898 | Snake:4  | Got a serpentine rune of Zot
 50912 | Snake:4  | Received a gift from Trog
 51041 | Snake:4  | Received a gift from Trog
 51068 | Snake:4  | Reached XP level 22. HP: 205/205 MP: 21/21
 51207 | Snake:4  | Found a glowing golden altar of the Shining One.
 51885 | D:15     | Entered Level 15 of the Dungeon
 52049 | D:15     | Found Xamiagh's Jewellery Shop.
 52098 | D:15     | Found a staircase to the Depths.
 52232 | D:15     | Found Xyaba's Assorted Antiques.
 52336 | D:15     | Found Kell's Assorted Antiques.
 52390 | D:15     | Found Ynant's Armour Boutique.
 52463 | D:15     | Received a gift from Trog
 52666 | D:15     | Noticed Rupert
 52681 | D:15     | Killed Rupert
 53024 | Crypt:1  | Entered Level 1 of the Crypt
 53193 | Crypt:1  | Received a gift from Trog
 53468 | Crypt:1  | Found a huge runed gate.
 53468 | Crypt:1  | Found a huge runed gate.
 53468 | Crypt:1  | Found a huge runed gate.
 53469 | Crypt:1  | Found a huge runed gate.
 53906 | Crypt:2  | Reached skill level 24 in Polearms
 54023 | Crypt:2  | Got a bound brass ring
 54037 | Crypt:2  | Identified the ring "Agoc" {rPois rN+ AC+3} (You found it on level 2 of the Crypt)
 54750 | Crypt:3  | Entered Level 3 of the Crypt
 54880 | Crypt:3  | Received a gift from Trog
 55177 | Crypt:3  | Found a staircase to the Tomb.
 55576 | Crypt:3  | Received a gift from Trog
 55918 | Crypt:3  | Noticed Khufu
 55918 | Crypt:3  | Noticed a greater mummy
 56138 | Crypt:2  | Reached XP level 23. HP: 92/215 MP: 7/22
 56264 | Crypt:3  | Killed a greater mummy
 56275 | Crypt:2  | Killed Khufu
 56476 | Crypt:3  | Reached skill level 1 in Short Blades
 56581 | Crypt:3  | Received a gift from Trog
 56582 | Crypt:3  | Got a shimmering spear {god gift}
 56613 | Crypt:3  | Identified the +2 spear of Rotation {flame, +Inv rC- MR+ Int+4} (Trog gifted it to you on level 3 of the Crypt)
 56810 | Crypt:3  | Found an ancient bone altar of Kikubaaqudgha.
 56813 | Crypt:3  | Found a basalt altar of Yredelemnul.
 56966 | Crypt:3  | Identified the Almanac of Transmigration and the Birds
 57260 | Depths:1 | Entered Level 1 of the Depths
 57491 | Depths:1 | Reached skill level 25 in Polearms
 57722 | Depths:1 | Found a gateway to Hell.
 58036 | Depths:1 | Received a gift from Trog
 58154 | Depths:1 | Found a one-way gate to the infinite horrors of the Abyss.
 58335 | Depths:2 | Noticed Sojobo
 58491 | Depths:2 | Found a runed door.
 58533 | Depths:2 | Found a runed door.
 58548 | Depths:2 | Found a runed door.
 58561 | Depths:2 | Found a runed door.
 58758 | Depths:2 | Reached XP level 24. HP: 219/219 MP: 22/22
 59070 | Depths:2 | Killed Sojobo
 59075 | Depths:2 | Received a gift from Trog
 59075 | Depths:2 | Reached skill level 26 in Polearms
 59681 | Depths:3 | Paralysed by a great orb of eyes for 3 turns
 59804 | Depths:3 | Gained mutation: Armour fits poorly on your strangely shaped body. [a shining eye]
 59807 | Depths:3 | Gained mutation: Your spells are a little easier to cast, but a little less powerful. [a shining eye]
 59883 | Depths:3 | Lost mutation: Your muscles are very strong. (Str +4) [potion of cure mutation]
 59883 | Depths:3 | Lost mutation: Your muscles are strong. (Str +2) [potion of cure mutation]
 59883 | Depths:3 | Lost mutation: Armour fits poorly on your strangely shaped body. [potion of cure mutation]
 59883 | Depths:3 | Lost mutation: Your spells are a little easier to cast, but a little less powerful. [potion of cure mutation]
 59883 | Depths:3 | Lost mutation: You are surrounded by a mild repulsion field. (EV +2) [potion of cure mutation]
 59896 | Depths:3 | Found a one-way gate leading to the halls of Pandemonium.
 60017 | Depths:3 | Found a gateway to a bazaar.
 60026 | Bazaar   | Entered a bazaar
 60026 | Bazaar   | Found Zial's Armour Boutique.
 60039 | Bazaar   | Found Cojurchu's Gadget Shop.
 60045 | Bazaar   | Found Deowyjoo's Weapon Shoppe.
 60052 | Bazaar   | Found Teghul's Assorted Antiques.
 60369 | Depths:3 | Received a gift from Trog
 60616 | Depths:3 | Identified Anau's Compendium of Arcane Weapons
 60819 | Depths:4 | Found a gateway to a ziggurat.
 60841 | Depths:4 | Found Woneudyo's Food Emporium.
 60841 | Depths:4 | Found Fifuont's Antique Armour Shoppe.
 60843 | Depths:4 | Found Sosk's Antique Weapon Shoppe.
 60845 | Depths:4 | Found Novuh's Gadget Emporium.
 61509 | Depths:4 | Noticed an ancient lich
 61532 | Depths:4 | Killed an ancient lich
 61721 | Depths:4 | Received a gift from Trog
 61737 | Depths:4 | Got a translucent dagger
 61738 | Depths:4 | Identified the +5 dagger "Suekyn" {pierce, Int+2} (You found it on level 4 of the Depths)
 62607 | Elf:3    | Entered Level 3 of the Elven Halls
 62607 | Elf:3    | Found Cuiqi's Antique Weapon Shoppe.
 62978 | D:12     | Bought a scroll of enchant weapon for 97 gold pieces
 62978 | D:12     | Bought a scroll of enchant armour for 97 gold pieces
 63298 | Elf:3    | Reached XP level 25. HP: 229/229 MP: 22/22
 63874 | Elf:3    | Received a gift from Trog
 64101 | Elf:3    | Received a gift from Trog
 64101 | Elf:3    | Reached skill level 27 in Polearms
 64144 | Elf:3    | HP: 11/238 [deep elf sorcerer/bolt of acid (19)]
 64144 | Elf:3    | Splashed by a deep elf sorcerer's acid

Skill      XL: |  1  2  3  4  5  6  7  8  9 10 11 12 13 14 15 16 17 18 19 20 21 22 23 24 25 |
---------------+----------------------------------------------------------------------------+-----
Armour         | 4 5 6 7 8 9 10 11 13 14 15 16 17 18 | 18.3
Shields        | 4 5 7 8 9 11 12 13 15 17 19 20 22 23 | 23.9
Fighting       | 4 5 6 7 8 9 10 12 13 14 15 16 17 18 19 20 21 22 | 22.1
Dodging        | 1 2 3 4 5 6 7 9 11 12 13 14 | 14.5
Axes           | 3 4 |  4.4
Stealth        | 2 |  2.1
Long Blades    | 2 7 9 11 13 14 | 14.6
Maces & Flails | 4 |  4.8
Polearms       | 1 11 12 16 18 19 21 22 23 24 25 26 27 | 27.0
Crossbows      | 3 6 7 |  7.5
Short Blades   | 1 |  1.0
Unarmed Combat | |  0.9

Action                   |  1- 3 |  4- 6 |  7- 9 | 10-12 | 13-15 | 16-18 | 19-21 | 22-24 | 25-27 || total
-------------------------+-------+-------+-------+-------+-------+-------+-------+-------+-------++-------
Melee: War axe           |    87 |   110 |       |       |       |       |       |       |       ||   197
       Headbutt          |    14 |    30 |    72 |   219 |   193 |   284 |   455 |   591 |    45 ||  1903
       Long sword        |       |    69 |     2 |       |       |       |       |       |       ||    71
       Falchion          |       |       |   325 |   874 |   225 |       |       |       |       ||  1424
       Eveningstar       |       |       |       |       |    75 |       |       |       |       ||    75
       Halberd           |       |       |       |       |   553 |  1483 |    76 |       |       ||  2112
       Double sword      |       |       |       |       |     5 |    32 |       |       |       ||    37
       Unarmed           |       |       |       |       |       |     5 |       |       |       ||     5
       Demon trident     |       |       |       |       |       |       |  1689 |  1754 |   150 ||  3593
       Quick blade       |       |       |       |       |       |       |       |    34 |       ||    34
 Fire: Hand crossbow     |       |       |       |       |       |   149 |    81 |       |       ||   230
Invok: Burn Spellbooks   |       |       |       |     1 |       |       |       |       |       ||     1
       Berserk           |       |       |       |       |     1 |       |     3 |     2 |       ||     6
       Trog's Hand       |       |       |       |       |     1 |       |     2 |     1 |     2 ||     6
       Brothers in Arms  |       |       |       |       |       |       |       |     1 |       ||     1
Evoke: Wand              |       |       |       |       |       |       |       |     1 |       ||     1
  Use: Scroll            |       |     4 |     3 |     9 |    16 |    10 |     9 |    12 |     1 ||    64
       Potion            |       |       |       |     1 |     6 |     4 |     4 |     4 |     3 ||    22
 Stab: Petrified         |       |       |       |       |     2 |       |       |       |       ||     2
       Distracted        |       |       |       |       |       |     2 |       |     1 |       ||     3
  Eat: Chunk             |       |     5 |    13 |    19 |    19 |    38 |    29 |    24 |     3 ||   150
       Bread ration      |       |     1 |       |     1 |     2 |     1 |       |       |       ||     5
       Pizza             |       |       |     1 |     1 |     1 |     2 |     2 |     5 |       ||    12
       Meat ration       |       |       |     1 |       |       |       |       |       |       ||     1
       Fruit             |       |       |       |     1 |       |     6 |       |     1 |       ||     8
       Beef jerky        |       |       |       |       |       |     3 |     4 |     6 |       ||    13
       Royal jelly       |       |       |       |       |       |       |       |     1 |       ||     1
Armor: Scale mail        |    47 |    17 |       |       |       |       |       |       |       ||    64
       Ring mail         |       |    54 |    41 |       |       |       |       |       |       ||    95
       Plate armour      |       |       |    63 |   261 |   274 |   285 |   184 |   229 |    11 ||  1307
Dodge: Dodged            |    23 |    78 |    90 |   171 |   229 |   527 |   305 |   346 |    14 ||  1783
Block: Shield            |    51 |    99 |   193 |   391 |   147 |       |       |       |       ||   881
       Large shield      |       |       |       |       |       |    32 |  1161 |  1523 |    96 ||  2812
       Rpst.: Long sword |       |     9 |     1 |       |       |       |       |       |       ||    10
       Falchion          |       |       |    26 |    42 |     2 |       |       |       |       ||    70
       Double sword      |       |       |       |       |       |     2 |       |       |       ||     2
